 Dungeon Crawl Stone Soup version 0.31-a0-818-ge7c7cf74f0 (webtiles) character file.

Game seed: 5713597704226189356

129 LeprechaunX the Changeling (level 5, -12/34 HPs)
             Began as an Octopode Shapeshifter on Sept 22, 2023.
             Was an Initiate of Hepliaklqana.
             Mangled by a gnoll
             ... wielding a +0 flail
              (13 damage)
             ... on level 3 of the Dungeon.
             The game lasted 00:02:53 (1953 turns).

LeprechaunX the Changeling (Octopode Shapeshifter)  Turns: 1953, Time: 00:02:54

Health: -12/34     AC:  1    Str: 15    XL:     5   Next: 12%
Magic:  5/5        EV: 13    Int: 12    God:    Hepliaklqana [......]
Gold:   74         SH:  0    Dex: 12    Spells: 4/4 levels left

rFire   . .          .
                       - Unarmed
rCold   + . .        (no shield)
rNeg    . . .        (helmet currently unavailable)
rPois   .            (no amulet)
rElec   .            d - ring of protection from cold
rCorr   .            (no ring)
SInv    .            (no ring)
Will    .....        (no ring)
Stlth   ++           (no ring)
HPRegen 0.25/turn    (no ring)
MPRegen 0.09/turn    (no ring)
                     (no ring)

%: no passive effects
@: beast-form
A: beast (slay +2), almost no armour, amphibious, 8 rings, camouflage 1,
gelatinous body 1, (nimble swimmer 1), tentacles
a: Begin Untransformation, Renounce Religion


You were on level 3 of the Dungeon.
You worshipped Hepliaklqana.
Hepliaklqana was noncommittal.
You were a hulking beast.
You visited 1 branch of the dungeon, and saw 3 of its levels.

You collected 74 gold pieces.

Inventory:

Hand Weapons
 a - a +0 sling
Missiles
 l - 2 throwing nets
Jewellery
 d - a ring of protection from cold (left tentacle)
 f - an amulet of faith
 h - a ring of magical power
Talismans
 b - a beast talisman (active)
 c - a flux talisman
Scrolls
 g - a scroll of identify {unknown}
 j - a scroll of enchant armour {unknown}
 m - 2 scrolls of immolation {unknown}
Potions
 e - a potion of cancellation {unknown}
 i - a potion of mutation {unknown}
 k - a potion of lignification
 n - a potion of curing {unknown}
 o - a potion of attraction {unknown}


   Skills:
 + Level 2.1 Fighting
 + Level 0.5 Ranged Weapons
 + Level 2.8 Dodging
 + Level 3.6 Unarmed Combat
 * Level 3.9 Shapeshifting


You had 4 spell levels left.
You didn't know any spells.
Your spell library contained the following spells:

 Spells                   Type           Power      Damage    Failure   Level
 Apportation              Tloc           0%         N/A       32%         1
 Necrotise                Necr           0%         1d4       32%         1
 Sting                    Tmut/Pois      0%         1d3       32%         1
 Summon Small Mammal      Summ           0%         N/A       32%         1
 Cigotuvi's Dreadful Rot  Necr/Pois/Air  0%         N/A       45%         2
 Poisonous Vapours        Pois/Air       0%         N/A       45%         2
 Ignite Poison            Fire/Tmut/Pois 0%         N/A       69%         3
 Olgreb's Toxic Radiance  Pois           0%         N/A       97%         4
 Freezing Cloud           Conj/Ice/Air   0%         6-21      100%        5


Dungeon Overview and Level Annotations

Branches:
Dungeon (3/15)

Altars:
Hepliaklqana
Okawaru
Trog
Xom


Innate Abilities, Weirdness & Mutations

You are a hulking beast.
Your limbs bulge with bestial killing power. (Slay +2)
You cannot wear most types of armour.
You are amphibious.
You can wear up to eight rings at the same time.
Your skin changes colour to match your surroundings (Stealth+).
Your rubbery body absorbs attacks. (AC +1, EV +1)
((You are camouflaged when in or above water. (Stealth+)))
You have tentacles for arms and can constrict up to eight enemies at once.


Message History

A gnoll comes into view. It is wielding a +0 flail.
A gnoll is nearby!
A gnoll is nearby!
A gnoll is nearby! 2 gnolls come into view.
Found a stone staircase leading down.
The gnoll shouts! x2; You hear a shout!
A gnoll comes into view. It is wielding a +0 spear.
The gnoll moves out of view.
The gnoll hits you with a +0 flail! The gnoll attacks as it pursues you!
The gnoll barely misses you.
a - a +0 sling (weapon)
You shoot a sling bullet.
The sling bullet barely misses the gnoll.
The sling bullet hits the gnoll.
The gnoll is heavily wounded.
You shoot a sling bullet. The sling bullet hits the gnoll.
The gnoll is lightly wounded.
The gnoll hits you with a +0 club.
You are now empty-tentacled.
You closely miss the gnoll. You grab the gnoll.
The gnoll is lightly wounded.
You constrict the gnoll. The gnoll barely misses you.
You tentacle-slap the gnoll. You squeeze the gnoll.
You kill the gnoll!
You closely miss the gnoll. Your grab misses the gnoll.
Your squeeze misses the gnoll. The gnoll hits you with a +0 flail.
The gnoll barely misses you.
You closely miss the gnoll. Your grab misses the gnoll.
The gnoll barely misses you.
The gnoll hits you from afar with a +0 halberd!
* * * LOW HITPOINT WARNING * * *
The gnoll attacks as it pursues you! The gnoll closely misses you.
The gnoll attacks as it pursues you! The gnoll hits you with a +0 flail!
* * * LOW HITPOINT WARNING * * *
You completely miss the gnoll. Your grab misses the gnoll.
Your squeeze misses the gnoll. The gnoll closely misses you.
Unknown command.
The gnoll attacks as it pursues you! The gnoll hits you with a +0 flail!
You die...

########### #.........#
##.........# ###..........#
#####............#
#.....######.##### #####
####.#..#...###.# #######....#
#.)..##.......#.###.g).......#
#.#####._.......hg.g####.....#
.)####..........######.g....##
###.......8.._..# #......# #
#.............# #.......# #
#...#.)..)..#.# #......g..# #
#......._...#.##.>##......#
..............#.##.# .......#
####.#...รท...<#.##. .#......#
. ......#....#.# #.#......#


You could see 3 gnolls.

Vanquished Creatures
  Natasha (D:3)
  4 gnolls (D:3)
  A worm (D:2)
  3 dart slugs (D:1)
  A bat (D:1)
  6 endoplasms
  2 giant cockroaches
  3 goblins (D:1)
  A hobgoblin (D:2)
  3 jackals (D:2)
  13 kobolds
  6 quokkas
  3 ball pythons (D:1)
  5 frilled lizards
  3 rats
55 creatures vanquished.

Notes
Turn   | Place    | Note
-------+----------+-------------------------------------------
     0 | D:1      | LeprechaunX the Octopode Shapeshifter began the quest for
                  | the Orb.
     0 | D:1      | Reached XP level 1. HP: 13/13 MP: 1/1
    33 | D:1      | Reached XP level 2. HP: 18/18 MP: 2/2
   243 | D:1      | Reached XP level 3. HP: 23/23 MP: 3/3
   882 | D:2      | Found an iron altar of Okawaru.
  1151 | D:2      | Reached XP level 4. HP: 29/29 MP: 4/4
  1532 | D:3      | Noticed Natasha
  1532 | D:3      | Found a bloodstained altar of Trog.
  1532 | D:3      | Found a hazy altar of Hepliaklqana.
  1532 | D:3      | Found a shimmering altar of Xom.
  1539 | D:3      | Killed Natasha
  1816 | D:3      | Reached XP level 5. HP: 18/34 MP: 5/5
  1901 | D:3      | Became a worshipper of Hepliaklqana the Forgotten
  1950 | D:3      | HP: 1/34 [gnoll/+0 flail (9)]
  1953 | D:3      | Mangled by a gnoll

Illustrated notes

Levels and vault maps discovered:
D:1:      tarquinn_simple_flora_water_a, layout_rooms, minmay_shallow_snake_nest
D:2:      layout_loops_ring, basic_altar, lexackson_kobold_supper
D:3:      layout_rooms, vehumet_statue, amcnicky_altar_gilded,
          grunt_temple_overflow_open, hellmonk_ecumenical_altar_watching_god,
          uniq_natasha

Skill      XL: |  1  2  3  4 |
---------------+-------------+-----
Fighting       | 2 |  2.1
Ranged Weapons | |  0.5
Dodging        | |  2.8
Unarmed Combat | |  3.6
Shapeshifting  | |  3.9

Action                     |  1- 3 |  4- 6 || total
---------------------------+-------+-------++-------
  Melee: Unarmed           |    70 |    31 ||   101
         Constrict         |    12 |     4 ||    16
         Tentacles         |    10 |     3 ||    13
   Fire: Sling             |       |     4 ||     4
   Stab: Sleeping          |     9 |     1 ||    10
         Distracted        |     1 |       ||     1
 Armour: Skin              |    12 |    18 ||    30
  Dodge: Dodged            |    38 |    19 ||    57

Table legend: (Time is in decaauts)
 A = Elapsed time spent in this place.
 B = Non-inter-level travel time spent in this place.
 C = Inter-level travel time spent in this place.
 D = Time resting spent in this place.
 E = Time spent auto-exploring this place.
 F = Levels seen in this place.
 G = Mean time per level.
                   A        B        C        D        E       F      G
               +--------+--------+--------+--------+--------+-----+--------+
         Total |   1947 |   1701 |    246 |    207 |   1083 |   3 |  649.0 |
       Dungeon |   1947 |   1701 |    246 |    207 |   1083 |   3 |  649.0 |
               +--------+--------+--------+--------+--------+-----+--------+

Top non-repeatable levels by time:
     D:2: 1087 daAuts
     D:1: 619 daAuts
     D:3: 240 daAuts
